Map: Kairos Junction LE

Players

Dualnote

  • Race: Terran Terran
  • Spawn Location: 11:00

TiPtOP - Winner!

  • Race: Terran Terran
  • League: Silver
  • Spawn Location: 5:00

VOD

Have the link to the VOD?

Description

Time

  • Played on: Aug. 18, 2019, 1:40 a.m.
  • Length: 25:00
Show
View Real Time Build Order
Export as new Build Order

Dualnote Terran 

Build Orders:  

Get SALT Encoding   

  12  0:01  SCV  
  13  0:16  SCV  
  13  0:18  Supply Depot  
  14  0:28  SCV  
  15  0:41  SCV  
  16  0:48  Barracks  
  16  0:51  Refinery  
  16  0:53  SCV  
  16  0:56  Refinery  
  17  1:05  SCV  
  18  1:17  SCV  
  19  1:29  SCV  
  20  1:38  Factory  
  20  1:39  Marine  
  21  1:41  SCV  
  22  1:53  SCV  
  23  2:09  Barracks Reactor  
  23  2:14  Orbital Command  
  23  2:24  Supply Depot  
  23  2:29  Factory Tech Lab  
  23  2:32  Starport  
  23  2:39  Engineering Bay  
  23  2:46  SCV  
  24  3:03  Siege Tank  
  26  3:18  Command Center  
  26  3:22  Starport Tech Lab  
  26  3:35  Siege Tank  
  29  3:52  Fusion Core  
  29  3:57  Supply Depot  
  29  4:07  Siege Tank  
  29  4:21  Supply Depot  
  29  4:40  SCV  
  29  4:44  Refinery  
  29  4:45  Liberator  
  30  4:52  SCV  
  31  4:56  Refinery  
  31  5:04  SCV  
  31  5:06  Bunker  
  35  5:16  SCV  
  35  5:19  SCV  
  38  5:28  SCV  
  38  5:31  SCV  
  38  5:32  Command Center  
  38  5:34  Armory  
  39  5:38  Marine x2  
  41  5:43  SCV  
  41  5:49  SCV  
  43  5:55  SCV  
  43  5:56  Marine x2  
  46  6:01  SCV  
  47  6:07  SCV  
  48  6:13  SCV  
  49  6:19  SCV  
  50  6:25  SCV  
  50  6:31  SCV, Starport  
  52  6:37  SCV  
  53  6:43  SCV  
  53  6:46  Starport  
  54  6:50  SCV  
  54  6:51  Battlecruiser  
  61  6:56  SCV  
  61  6:59  Siege Tank  
  65  7:02  SCV  
  65  7:08  SCV  
  67  7:10  Refinery  
  67  7:11  SCV  
  68  7:23  SCV  
  68  7:24  Missile Turret  
  69  7:31  Siege Tank  
  69  7:35  SCV  
  69  7:36  SCV  
  74  7:45  Refinery  
  74  7:47  Missile Turret, SCV x2  
  74  7:48  SCV  
  77  7:52  Starport Tech Lab  
  77  7:54  Starport Tech Lab  
  77  7:59  SCV x2  
  77  8:00  SCV  
  80  8:06  Supply Depot  
  80  8:09  Supply Depot  
  80  8:11  SCV x2  
  80  8:12  SCV, Supply Depot  
  83  8:14  Supply Depot  
  83  8:15  Supply Depot  
  83  8:20  Missile Turret  
  83  8:24  SCV  
  83  8:25  Planetary Fortress  
  84  8:36  Battlecruiser, SCV  
  91  8:44  Missile Turret  
  91  8:46  Battlecruiser  
  97  8:48  SCV  
  98  8:57  Battlecruiser  
  104  9:07  Missile Turret  
  104  9:20  Starport  
  104  9:27  Command Center  
  104  9:30  Missile Turret  
  104  9:34  Missile Turret  
  104  9:44  Battlecruiser  
  110  9:53  Battlecruiser  
  110  9:56  Missile Turret x2  
  110  9:57  Starport Tech Lab  
  116  10:01  Battlecruiser  
  116  10:06  Planetary Fortress  
  122  10:19  Missile Turret, Supply Depot  
  122  10:24  Battlecruiser  
  128  10:43  Supply Depot  
  128  10:45  Refinery  
  128  10:48  Battlecruiser  
  134  11:00  Starport  
  134  11:01  Refinery  
  134  11:06  Battlecruiser, Supply Depot  
  134  11:11  Battlecruiser  
  146  11:15  SCV  
  147  11:28  Battlecruiser, SCV  
  154  11:37  Starport Tech Lab  
  154  11:40  SCV  
  155  11:52  Battlecruiser, SCV  
  162  11:59  Battlecruiser  
  168  12:05  Supply Depot  
  168  12:08  Planetary Fortress  
  168  12:10  Battlecruiser  
  174  12:30  Supply Depot  
  156  12:46  Battlecruiser  
  144  12:57  Battlecruiser  
  117  13:14  Battlecruiser  
  116  13:50  Battlecruiser  
  122  14:01  Battlecruiser  
  128  14:08  Starport  
  128  14:19  Battlecruiser  
  134  14:33  Starport Tech Lab  
  134  14:49  Starport Tech Lab  
  134  14:51  Command Center  
  134  14:54  Battlecruiser  
  140  15:05  Battlecruiser x2  
  152  15:09  Battlecruiser  
  158  15:23  Battlecruiser  
  164  15:32  Refinery  
  164  15:37  Refinery  
  130  16:01  Battlecruiser  
  68  16:41  Widow Mine  
  64  16:52  Command Center  
  58  17:02  Widow Mine  
  58  17:06  Barracks  
  40  17:24  Widow Mine  
  26  18:02  Barracks  
  14  18:37  SCV, Command Center  
  15  18:49  SCV  
  3  19:55  Barracks  
  3  19:57  SCV  
  2  20:09  SCV  
Show
View Real Time Build Order
Export as new Build Order

TiPtOP Terran - Winner!

Build Orders: Mech 

Get SALT Encoding   

  12  0:01  SCV  
  13  0:13  SCV  
  14  0:19  Supply Depot  
  14  0:25  SCV  
  15  0:41  SCV  
  15  0:42  Barracks  
  16  0:49  Refinery  
  16  0:53  SCV  
  17  1:05  SCV  
  18  1:29  Command Center  
  18  1:31  Marine  
  19  1:54  Factory  
  20  2:02  Orbital Command  
  19  2:18  Barracks Tech Lab  
  19  2:34  SCV  
  20  2:46  SCV  
  20  2:50  Siege Tank  
  23  2:58  SCV  
  23  3:00  Refinery  
  24  3:07  Orbital Command  
  24  3:11  SCV  
  25  3:25  Bunker  
  25  3:30  Siege Tank  
  28  3:35  SCV  
  29  3:47  SCV  
  30  3:49  SCV  
  31  3:59  SCV  
  32  4:03  Command Center  
  32  4:04  Factory  
  32  4:05  SCV  
  33  4:11  SCV  
  34  4:17  SCV  
  34  4:24  SCV, Supply Depot  
  35  4:29  SCV  
  37  4:36  Supply Depot  
  37  4:40  Supply Depot  
  37  4:45  Siege Tank, SCV  
  40  4:47  Supply Depot  
  40  4:51  SCV  
  42  4:54  Factory Reactor  
  42  4:58  SCV  
  42  4:59  Factory  
  43  5:03  SCV  
  44  5:10  SCV  
  44  5:11  Armory  
  45  5:15  SCV  
  45  5:20  Orbital Command  
  46  5:22  SCV  
  46  5:28  SCV  
  48  5:34  Refinery, SCV  
  49  5:36  Refinery  
  49  5:40  Siege Tank, SCV  
  53  5:46  SCV  
  54  5:52  Orbital Command  
  54  5:53  Supply Depot  
  54  6:10  SCV  
  54  6:11  SCV  
  56  6:21  SCV  
  56  6:23  SCV  
  58  6:32  Hellion x2  
  62  6:33  SCV  
  62  6:35  Factory Reactor  
  62  6:38  Factory  
  63  6:43  Thor  
  63  6:45  SCV  
  70  6:53  Hellion x2  
  70  6:54  SCV x2  
  75  6:57  SCV  
  77  7:06  SCV  
  78  7:18  Hellion x4  
  78  7:21  Terran Vehicle Weapons Level 1  
  86  7:25  Armory  
  86  7:26  Thor  
  86  7:27  SCV  
  93  7:30  Refinery  
  93  7:37  Supply Depot  
  93  7:39  Supply Depot x2  
  93  7:42  Engineering Bay  
  93  7:52  Supply Depot  
  93  7:53  Supply Depot x2  
  93  7:55  Supply Depot  
  93  7:59  SCV x3  
  96  8:11  SCV x3  
  99  8:19  Supply Depot  
  99  8:22  Missile Turret  
  99  8:27  Missile Turret  
  99  8:39  Factory Tech Lab  
  99  8:40  Missile Turret  
  99  8:43  Factory  
  99  8:44  Supply Depot  
  99  8:48  Command Center  
  99  8:52  SCV x2  
  99  8:53  SCV  
  102  8:55  Thor  
  102  8:57  Hellion x4  
  116  9:04  SCV  
  116  9:07  Supply Depot  
  117  9:13  Refinery  
  117  9:20  Terran Vehicle And Ship Armor Level 1  
  117  9:21  Terran Vehicle Weapons Level 2  
  117  9:26  Thor  
  117  9:29  Supply Depot, Factory Reactor  
  123  9:31  Factory Tech Lab  
  123  9:36  Infernal Pre-Igniter  
  121  9:38  Thor  
  127  10:09  Thor x2  
  127  10:10  Hellion, Command Center  
  127  10:11  Hellion x2  
  145  10:20  Command Center  
  145  10:21  Thor  
  151  10:52  Thor x2  
  163  10:58  Orbital Command  
  163  11:00  SCV x3  
  166  11:04  Thor  
  172  11:12  SCV x2  
  172  11:13  SCV  
  175  11:24  SCV  
  175  11:25  Hellion x2, SCV x2  
  182  11:26  Hellion  
  182  11:29  Refinery  
  182  11:30  Refinery  
  182  11:31  Missile Turret  
  184  11:34  Thor x2  
  184  11:37  SCV x3  
  199  12:02  Command Center  
  199  12:03  SCV  
  186  12:42  Factory  
  172  12:48  Factory  
  154  12:52  Factory  
  154  12:54  Factory  
  154  12:56  Terran Vehicle And Ship Armor Level 2  
  154  12:57  Factory  
  154  12:58  Terran Vehicle Weapons Level 3  
  138  12:59  Neosteel Armor  
  124  13:17  Thor x3  
  124  13:19  Hellion x4  
  150  13:33  Orbital Command  
  150  13:37  SCV x4  
  150  13:40  Hellion x2  
  158  13:49  SCV  
  158  13:53  Planetary Fortress  
  159  13:58  Missile Turret  
  159  14:00  Thor x3  
  177  14:03  Missile Turret  
  177  14:08  Sensor Tower  
  177  14:15  Refinery  
  177  14:20  Refinery  
  177  14:21  Factory Tech Lab x3  
  177  14:22  Factory Tech Lab  
  177  14:23  Hellion x2  
  177  14:24  Hellion x3  
  187  14:29  Orbital Command  
  187  14:36  Smart Servos  
  187  14:43  Thor x2  
  199  15:02  SCV  
  200  15:22  Command Center  
  200  15:46  Factory Tech Lab  
  200  15:47  Hellion  
  200  15:48  Hellion  
  182  16:01  Terran Vehicle And Ship Armor Level 3  
  182  16:03  Hi-Sec Auto Tracking  
  164  16:22  SCV  
  147  16:34  SCV  
  148  16:40  Thor x3  
  148  16:41  Thor x3  
  148  16:42  Hellion x6  
  148  16:46  SCV  
  197  16:47  Planetary Fortress  
  197  16:53  Refinery  
  197  17:03  Hellion  
  199  17:17  Refinery  
  199  18:18  Hellion x6  
  193  19:52  Starport  
  193  19:53  Starport  
  193  19:55  Starport  
  193  19:59  Hellion x3  
  193  20:10  Refinery  
  193  20:16  Refinery  
  193  20:17  Refinery  
  193  20:19  Refinery  
  193  20:20  Command Center  
  193  20:29  Starport  
  193  20:30  Starport  
  193  20:31  Refinery, Starport  
  193  20:32  Command Center  
  193  20:35  Cyclone, Refinery  
  193  20:36  Cyclone  
  193  20:41  Mag-Field Accelerator  
  199  20:58  Starport Tech Lab x3  
  199  21:07  Starport  
  199  21:08  Starport  
  199  21:09  Starport  
  199  21:10  Fusion Core  
  199  21:29  Starport  
  199  21:57  Starport Tech Lab  
  199  21:58  Starport Tech Lab x5  
  199  22:23  Planetary Fortress  
  199  22:27  Planetary Fortress  
  187  23:57  Viking x6  
Tags
 
Composition
Mech
League
Silver
Matchup
TvT
Race
Terran
Spawn Locations
Cross Positions
Add a new tag
Caveats
  • Supply blocks, unpowered buildings, or Contaminate may cause inaccurate times.
  • Supply counts are checked every 10 seconds.